 Dungeon Crawl Stone Soup version 0.27-a0-1137-g3ef0f4ec91 (webtiles) character file.

Game seed: 7267704764143855195

57591 leviel the Severer (level 14, -5/119 HPs)
             Began as a Minotaur Fighter on May 6, 2021.
             Was the Champion of Zin.
             Slain by a manticore (12 damage)
             ... on level 6 of the Lair of Beasts.
             The game lasted 00:46:48 (22876 turns).

leviel the Severer (Minotaur Fighter)              Turns: 22876, Time: 00:46:49

Health: -5/119     AC: 17    Str: 29    XL:     14   Next: 46%
Magic:  16/18      EV:  8    Int:  7    God:    Zin [******]
Gold:   493        SH: 15    Dex: 15    Spells: 13/13 levels left

rFire    + . .     SeeInvis +   n - +7 hand axe of Imewaeg {vorpal, Stlth+}
rCold    . . .     Faith    .   c - +0 kite shield
rNeg     . . .     Spirit   .   a - +0 plate armour {rF+}
rPois    ∞         Reflect  .   (helmet restricted)
rElec    .         Harm     .   r - +0 cloak
rCorr    .         Rampage  .   i - +0 pair of gloves
Will     +....                  k - +0 pair of boots "Fozxeidd" {*Corrode Regen+ Str+4 Slay+4}
Stlth    ..........             y - amulet of the acrobat
HPRegen  1.29/turn              h - ring of flight
MPRegen  0.16/turn              C - ring of see invisible

@: vitalised, corroded, flying, studying Stealth
A: horns 2, retaliatory headbutt
a: Renounce Religion, Recite, Vitalisation, Imprison, Sanctuary, Donate Gold


You were on level 6 of the Lair of Beasts.
You worshipped Zin.
Zin was exalted by your worship.
You visited 4 branches of the dungeon, and saw 21 of its levels.
You also visited: Ossuary.

You collected 2952 gold pieces.
You spent 2134 gold pieces at shops.
You donated 325 gold pieces to Zin.

Inventory:

Hand Weapons
 n - the +7 hand axe of Imewaeg (weapon) {vorpal, Stlth+}
   (You bought it in a shop on level 3 of the Dungeon)

   It inflicts extra damage upon your enemies.
   It makes you more stealthy.
 H - a +3 war axe of flaming
Missiles
 d - 4 silver javelins (quivered)
 A - 6 boomerangs of dispersal
Armour
 a - a +0 plate armour of fire resistance (worn)
 c - a +0 kite shield (worn)
 i - a +0 pair of gloves (worn)
 k - the +0 pair of boots "Fozxeidd" (worn) {*Corrode Regen+ Str+4 Slay+4}
   (You bought it in a shop on level 3 of the Dungeon)

   It affects your strength (+4).
   It affects your accuracy and damage with ranged weapons and melee attacks
   (+4).
   It increases your rate of health regeneration.
   It may corrode you when you take damage.
 r - a +0 cloak (worn)
Jewellery
 h - a ring of flight (left hand)
 y - an amulet of the acrobat (around neck)
 C - a ring of see invisible (right hand)
 F - a ring of protection from cold
Wands
 g - a wand of digging (15)
 p - a wand of paralysis (7)
 t - a wand of acid (7)
 u - a wand of flame (46)
 v - a wand of iceblast (11)
 E - a wand of mindburst (14)
Scrolls
 j - 11 scrolls of teleportation
 m - 3 scrolls of magic mapping
 s - 4 scrolls of fog
 x - 6 scrolls of identify
 z - 3 scrolls of amnesia
Potions
 b - 4 potions of curing
 f - 2 potions of brilliance
 l - 7 potions of heal wounds
 o - 3 potions of cancellation
 q - a potion of might
 w - a potion of berserk rage
 G - a potion of magic {unknown}
Miscellaneous
 e - a phantom mirror


   Skills:
 - Level 9.7 Fighting
 - Level 16.0 Axes
 - Level 15.0 Armour
 - Level 15.0 Shields
 - Level 7.0 Invocations
 + Level 6.1 Evocations


You had 13 spell levels left.
You didn't know any spells.
Your spell library contained the following spells:

 Spells                   Type           Power      Damage    Failure   Level
 Corona                   Hex            0%         N/A       95%         1
 Foxfire                  Conj/Fire      0%         2x1d4     95%         1
 Ensorcelled Hibernation  Hex/Ice        0%         N/A       99%         2
 Confusing Touch          Hex            0%         N/A       100%        3
 Conjure Flame            Conj/Fire      0%         6-21      100%        3
 Dazzling Flash           Conj/Hex       0%         N/A       100%        3
 Inner Flame              Hex/Fire       0%         N/A       100%        3
 Tukima's Dance           Hex            0%         N/A       100%        3
 Sticky Flame             Conj/Fire      0%         2d3       100%        4
 Fireball                 Conj/Fire      0%         3d3       100%        5


Dungeon Overview and Level Annotations

Branches:
Dungeon (12/15)            Temple (1/1) D:4            Lair (6/6) D:11
 Shoals (0/4) Lair:4        Snake (0/4) Lair:3        Slime (0/5) Lair:5
    Orc (2/2) D:11            Elf (0/3) Orc:2       Ossuary (visited)

Altars:
Ashenzari
Cheibriados
Dithmenos
Elyvilon
Fedhas
Gozag
Hepliaklqana
Kikubaaqudgha
Makhleb
Nemelex Xobeh
Okawaru
Qazlal
Ru
Sif Muna
Trog
Uskayaw
Vehumet
Wu Jian
Xom
Yredelemnul
Zin
The Shining One
Beogh
Jiyva

Shops:
D:3 [([:*   D:8 *   D:11 (   Orc:1 *   Orc:2 [:**

Portals:
Pandemonium: Orc:2
Trove: D:11 (give 5 scrolls of blinking)

Annotations:
D:6 1 runed translucent door, Crazy Yiuf


Innate Abilities, Weirdness & Mutations

You have a pair of horns on your head.
You reflexively headbutt those who attack you in melee.


Message History

The death yak gores you! You block the catoblepas's attack.
You slash the catoblepas! You headbutt the catoblepas.
The catoblepas is moderately wounded.
You hit the death yak. x2; You hit the manticore.
You hit the death yak. You block the manticore's attack. x2
The manticore claws you but does no damage.
The death yak gores you.
Unknown command.
You slash the catoblepas!
You headbutt the catoblepas, but do no damage.
The catoblepas is moderately wounded.
You completely miss the death yak. You hit the manticore.
You hit the death yak. You hit the death yak but do no damage.
The death yak snorts and paws the ground.
The death yak gores you! x2
The catoblepas breathes a plume of calcifying dust at you.
The blast of calcifying dust hits you but does no damage.
You block the manticore's attack. The manticore claws you!
The manticore claws you but does no damage.
Zin grants you divine stamina.
You are engulfed in calcifying dust.
Your divine stamina protects you from petrification!
The death yak closely misses you. You block the death yak's attack.
The catoblepas gores you but does no damage.
The death yak gores you!
* * * LOW HITPOINT WARNING * * *
The manticore bites you but does no damage.
The manticore claws you but does no damage.
You block the manticore's attack.
As you read the scroll of holy word, it crumbles to dust.
You speak a Word of immense power!
You are engulfed in calcifying dust.
Your divine stamina protects you from petrification!
You block the death yak's attack. The death yak gores you!!
* * * LOW HITPOINT WARNING * * *
The catoblepas breathes a plume of calcifying dust at you.
The blast of calcifying dust hits you.
* * * LOW HITPOINT WARNING * * *
The death yak gores you but does no damage.
The manticore bites you!
You die... .# ## .. # .. .. ..##. ##.
YY..

#.. ...# ..# #..##
..## ### #..# ##Y.P#
##.### #.###@Y.##
##....####...HYY.Y#
#......##.....###..#
##......#...### ..#
#..##.....## ...
#...###.### .8
##...#### ## .
##...###..#
##......#


You could see 4 death yaks, a catoblepas and a manticore.

Vanquished Creatures
  An orc warlord (Orc:1)
  Josephine (Lair:6)
  A catoblepas (Lair:6)
  A boulder beetle (D:10)
  3 hydras
  An ogre mage (Orc:1)
  2 two-headed ogres (D:11)
  6 death yaks (Lair:6)
  Urug (Lair:5)
  3 orc high priests (Orc:2)
  Nergalle (D:10)
  A fire crab (Lair:5)
  A gelid demonspawn (Orc:2)
  2 infernal demonspawn (Orc:2)
  A lindwurm (Lair:6)
  Pikel (D:5)
  7 orc knights
  8 orc sorcerers (Orc:2)
  A cyclops (D:11)
  2 manticores (D:11)
  7 elephants (Lair:6)
  Maurice (D:10)
  Joseph (Lair:1)
  7 cane toads
  Psyche (D:11)
  A rime drake (Lair:1)
  6 komodo dragons
  An unseen horror (D:10)
  Maggie (D:10)
  A hellwing (Orc:2)
  5 trolls
  A polar bear (Lair:3)
  A hornet (D:9)
  A snapping turtle (Lair:4)
  3 blink frogs (Lair:4)
  8 dream sheep
  Sigmund (D:5)
  4 wyverns
  2 vampires
  37 yaks
  6 wraiths
  4 basilisks
  3 steam dragons
  A neqoxec (Orc:2)
  Menkaure (D:6)
  2 nagas (Lair:3)
  14 two-headed ogre zombies (Orc:1)
  2 wargs (Orc:2)
  14 water moccasins
  2 sky beasts
  An ice beast (D:5)
  34 orc warriors
  7 ogres
  A black bear (Lair:3)
  3 centaurs
  5 wolves (Lair:2)
  3 phantoms
  A lemure (D:5)
  A kobold brigand (D:9)
  11 bullfrogs
  A gnoll sergeant (D:11)
  3 scorpions
  A wyvern zombie (D:6)
  A wyvern skeleton (D:6)
  5 killer bees (D:10)
  7 wights
  An electric eel (Lair:2)
  A howler monkey (D:5)
  4 crimson imps (D:10)
  A bullfrog zombie (D:7)
  2 gnoll shamans
  4 centaur zombies
  5 hounds
  3 jellies
  31 orc priests
  A centaur skeleton (D:7)
  3 iguanas
  Terence (D:3)
  16 orc wizards
  14 hell rats
  A howler monkey zombie (D:7)
  9 gnolls
  11 adders
  2 howler monkey skeletons
  2 shadow imps
  A white imp (D:4)
  3 ufetubi (D:5)
  An adder zombie (Ossuary)
  A worm (D:3)
  3 dart slugs
  98 orcs
  8 endoplasms
  A giant cockroach (D:2)
  8 goblins
  4 hobgoblins
  8 jackals
  8 quokkas
  15 ball pythons
  A ball python skeleton (Ossuary)
  7 bats
  3 frilled lizards (D:1)
  2 hobgoblin skeletons (Ossuary)
  2 hobgoblin zombies (Ossuary)
  16 kobolds
  A kobold zombie (Ossuary)
  An orc skeleton (Ossuary)
  An orc zombie (Ossuary)
  9 rats
583 creatures vanquished.

Vanquished Creatures (collateral kills)
  A frilled lizard (D:3)
1 creature vanquished.

Vanquished Creatures (others)
  11 fungi
  40 plants
51 creatures vanquished.

Grand Total: 635 creatures vanquished

Notes
Turn   | Place    | Note
-------+----------+-------------------------------------------
     0 | D:1      | leviel the Minotaur Fighter began the quest for the Orb.
     0 | D:1      | Reached XP level 1. HP: 19/19 MP: 0/0
    75 | D:1      | Reached XP level 2. HP: 6/27 MP: 1/1
  1036 | D:1      | Reached XP level 3. HP: 20/34 MP: 2/2
  1583 | D:2      | Reached skill level 5 in Fighting
  1870 | D:2      | Reached XP level 4. HP: 42/42 MP: 3/3
  2230 | D:2      | Found a faded altar of an unknown god.
  2460 | D:3      | Found Nubbiz's Book Shoppe.
  2478 | D:3      | Found Gebuisoarph's Weapon Boutique.
  2524 | D:3      | Found Zeyrr's Antique Armour Emporium.
  2559 | D:3      | Noticed Terence
  2566 | D:3      | Killed Terence
  2567 | D:3      | Reached XP level 5. HP: 48/50 MP: 4/4
  2608 | D:3      | Reached skill level 5 in Shields
  2791 | D:3      | Found Fiqaits's General Store.
  2800 | D:3      | Bought a potion of curing for 36 gold pieces
  2909 | D:3      | Found Hojoohim's Antique Armour Shop.
  3265 | D:4      | Noticed a phantom
  3273 | D:4      | Killed a phantom
  3274 | D:4      | Reached XP level 6. HP: 58/60 MP: 5/5
  3433 | D:4      | Found a staircase to the Ecumenical Temple.
  3566 | Temple   | Entered the Ecumenical Temple
  4402 | Temple   | Became a worshipper of Zin the Law-Giver
  4427 | D:4      | Reached XP level 7. HP: 57/68 MP: 6/6
  4981 | D:5      | Entered Level 5 of the Dungeon
  5198 | D:5      | Noticed a vampire
  5201 | D:5      | Donated 46 gold pieces to Zin
  5634 | D:6      | Reached skill level 3 in Axes
  5634 | D:6      | Reached XP level 8. HP: 67/79 MP: 7/7
  5725 | D:6      | Noticed Menkaure
  5732 | D:6      | Killed Menkaure
  5733 | D:6      | Reached skill level 4 in Axes
  6017 | D:6      | Reached * piety under Zin
  6216 | D:6      | Reached skill level 5 in Axes
  6314 | D:6      | Reached skill level 6 in Axes
  6469 | D:6      | Reached skill level 7 in Axes
  6498 | D:6      | Found a runed translucent door.
  6499 | D:6      | Noticed Crazy Yiuf
  6962 | D:7      | Found a transporter.
  7108 | D:7      | Found a transporter.
  7201 | D:7      | Reached ** piety under Zin
  7216 | D:7      | Reached skill level 8 in Axes
  7665 | D:7      | Reached skill level 9 in Axes
  7669 | D:7      | Reached XP level 9. HP: 63/85 MP: 8/8
  7900 | D:7      | Donated 90 gold pieces to Zin
  8058 | D:7      | Reached skill level 10 in Axes
  8536 | D:7      | Reached *** piety under Zin
  8930 | D:5      | Reached skill level 11 in Axes
  8971 | D:5      | Noticed Sigmund
  8979 | D:5      | Killed Sigmund
  9922 | D:5      | Noticed Pikel
  9942 | D:5      | Killed Pikel
  9943 | D:5      | Reached skill level 12 in Axes
 10271 | D:8      | Reached skill level 13 in Axes
 10305 | D:8      | Reached XP level 10. HP: 87/92 MP: 9/9
 10780 | D:8      | Found a sand-covered staircase.
 10785 | Ossuary  | Entered an ossuary
 10826 | Ossuary  | Reached **** piety under Zin
 11336 | D:8      | Reached skill level 14 in Axes
 11654 | D:8      | Found Btuhaded's Bounteous Boutique.
 11752 | D:3      | Bought a ring of see invisible for 180 gold pieces
 12395 | D:9      | Reached skill level 15 in Axes
 12937 | D:10     | Entered Level 10 of the Dungeon
 12947 | D:9      | Paralysed by a hornet for 2 turns
 13267 | D:10     | Noticed Maggie
 13267 | D:10     | Noticed Maurice
 13597 | D:9      | Identified a scroll of acquirement
 13597 | D:9      | Acquired 909 gold pieces
 13598 | D:9      | Reached ***** piety under Zin
 13739 | D:3      | Bought a pair of steaming boots for 294 gold pieces
 13739 | D:3      | Identified the +0 pair of boots "Fozxeidd" {*Corrode Regen+
                  | Str+4 Slay+4} (You bought it in a shop on level 3 of the
                  | Dungeon)
 13747 | D:3      | Bought the +7 hand axe of Imewaeg {vorpal, Stlth+} for 591
                  | gold pieces
 14030 | D:10     | Killed Maurice
 14039 | D:10     | Killed Maggie
 14040 | D:10     | Reached skill level 16 in Axes
 14066 | D:10     | Noticed Nergalle
 14069 | D:10     | Reached skill level 1 in Invocations
 14085 | D:10     | Killed Nergalle
 14086 | D:10     | Reached XP level 11. HP: 88/99 MP: 7/12
 14324 | D:10     | Found a shimmering altar of Xom.
 14449 | D:11     | Noticed a two-headed ogre
 14474 | D:11     | Killed a two-headed ogre
 14558 | D:11     | Found a portal to a secret trove of treasure.
 14563 | D:11     | Noticed a four-headed hydra
 14574 | D:11     | Killed an 11-headed hydra
 14575 | D:11     | Reached skill level 5 in Invocations
 14613 | D:11     | Found Qaovuwk's Weapon Shoppe.
 14614 | D:11     | Found a staircase to the Orcish Mines.
 14614 | D:11     | Noticed an orc knight
 14633 | D:11     | Killed an orc knight
 14650 | D:11     | Reached ****** piety under Zin
 14782 | D:11     | Noticed Psyche
 14784 | D:11     | Noticed a boulder beetle
 14996 | D:12     | Noticed a two-headed ogre
 14996 | D:12     | Noticed a sphinx
 15006 | D:12     | Paralysed by a sphinx for 2 turns
 15044 | D:11     | Killed Psyche
 15068 | D:10     | Killed a boulder beetle
 15170 | D:11     | Noticed a two-headed ogre
 15206 | D:11     | Killed a two-headed ogre
 15346 | D:11     | Found a staircase to the Lair.
 15365 | Lair:1   | Entered Level 1 of the Lair of Beasts
 15414 | Lair:1   | Reached XP level 12. HP: 88/105 MP: 16/16
 15554 | Lair:1   | Reached skill level 10 in Armour
 15697 | Orc:1    | Entered Level 1 of the Orcish Mines
 15918 | Orc:1    | Noticed an orc warlord
 15999 | Orc:1    | Killed an orc warlord
 16026 | Orc:1    | Noticed an ogre mage
 16032 | Orc:1    | Killed an ogre mage
 16152 | Orc:1    | Found Toubroyd's General Store.
 16197 | Orc:1    | Bought 4 silver javelins for 153 gold pieces
 16292 | Orc:2    | Entered Level 2 of the Orcish Mines
 16339 | Orc:2    | Found a staircase to the Elven Halls.
 16552 | Orc:2    | Found Wiogaw's General Store.
 16559 | Orc:2    | Found Ibaygger's General Store.
 16607 | Orc:2    | Bought a phantom mirror for 600 gold pieces
 16607 | Orc:2    | Bought a potion of might for 60 gold pieces
 16662 | Orc:2    | Paralysed by an orc sorcerer for 7 turns
 16736 | Orc:2    | Reached XP level 13. HP: 78/112 MP: 17/17
 16742 | Orc:2    | Reached skill level 15 in Armour
 17347 | Orc:2    | Reached skill level 10 in Shields
 17369 | Orc:2    | Found Wolet's Antique Armour Emporium.
 17369 | Orc:2    | Found Pakuenlu's Book Shoppe.
 17397 | Orc:2    | Found a one-way gate leading to the halls of Pandemonium.
 18146 | Lair:1   | Noticed Joseph
 18157 | Lair:1   | Killed Joseph
 18674 | Lair:2   | You are sucked into a shaft and drop 1 floor!
 18967 | Lair:3   | Found a staircase to the Snake Pit.
 20059 | Lair:4   | Found a staircase to the Shoals.
 20710 | Lair:5   | Found a radiant altar of Vehumet.
 20749 | Lair:5   | HP: 3/112 [16-headed hydra (6)]
 21015 | D:8      | Bought a scroll of brand weapon for 220 gold pieces
 21420 | Lair:5   | Noticed Urug
 21422 | Lair:5   | Found a viscous altar of Jiyva.
 21423 | Lair:5   | Found a staircase to the Slime Pits.
 21431 | Lair:5   | Killed Urug
 21853 | Lair:6   | Entered Level 6 of the Lair of Beasts
 21858 | Lair:6   | Noticed Josephine
 21889 | Lair:6   | Killed Josephine
 21897 | Lair:6   | Reached XP level 14. HP: 95/119 MP: 18/18
 22099 | Lair:6   | Reached skill level 15 in Shields
 22107 | Lair:6   | Reached skill level 1 in Evocations
 22413 | Lair:6   | Reached skill level 5 in Evocations
 22876 | Lair:6   | Slain by a manticore

Illustrated notes

Levels and vault maps discovered:
D:1:      nzn_arrival_settlement, layout_basic, minmay_misc_feat_rows,
          minmay_statues_item
D:2:      layout_basic, hellmonk_ecumenical_altar_leap_of_faith,
          minmay_snake_closets
D:3:      minmay_chambers_of_threes, layout_basic, serial_shops,
          nicolae_shop_crystal, shop_fountains, shop_statue,
          nicolae_shop_competitors_out_of_business, shop, uniq_terence
D:4:      layout_loops_cross, temple_pool_b, minmay_manual_mandibuliform
D:5:      layout_basic, minmay_misc_feat_nine_boxes, sigmund_army, uniq_pikel
D:6:      layout_loops_corners, uniq_crazy_yiuf_cottage, uniq_menkaure
D:7:      gammafunk_beogh_shrine, layout_layer_cave, minmay_diced_spiral
D:8:      layout_basic, nicolae_ossuary_entry_false_entrances, special_room
          [special_room_orc], chequers_serial_rivers_micro_e,
          nicolae_alphabet_shops
D:9:      layout_basic
D:10:     layout_basic, led_xom_imps, item_on_display_a, uniq_nergalle,
          uniq_maggie, uniq_maurice
D:11:     layout_cross, david_lair_shrubbed, orc_david_3,
          nicolae_trove_entry_isolated, minmay_mirror_moons_of_madness,
          uniq_psyche
D:12:     nzn_winding_woodlands_small [nzn_winding_woodlands_5x15_pockets,
          nzn_winding_woodlands_center_garden,
          nzn_winding_woodlands_5x15_lazy_stream], layout_gridville, drop_trap,
          minivault_19
Temple:   nicolae_temple_the_god_donut
Lair:1:   layout_chaotic_city, grunt_megastairs_2, uniq_joseph
Lair:2:   layout_gridlike, serial_bayou_pond_b, lemuel_old_faithful
Lair:3:   layout_roguey, guppyfry_snake_entry_island, lemuel_fruit_fields
Lair:4:   layout_concentric_octagons, minmay_shoals_entry_hut
Lair:5:   layout_gridlike, slime_altar_1, basic_altar,
          grunt_forest_stairs_basic, minmay_hedge_maze, st_stairs_13,
          lemuel_fruit_tree, grunt_megastairs_3, uniq_urug
Lair:6:   evilmike_catoblepas_cave, layout_cave_pods, minmay_stone_trees_small,
          infiniplex_staircase_pool_2, lemuel_fruit_fields, uniq_josephine
Orc:1:    lemuel_ogre_cave, layout_caves, serial_shops, nicolae_shop_stone,
          statue_in_the_mist_lemuel, mines1_david
Orc:2:    pf_orc_diabolical, layout_caves, basic_altar

Skill      XL: |  1  2  3  4  5  6  7  8  9 10 11 12 13 14 |
---------------+-------------------------------------------+-----
Fighting       | 4 5 6 7 8 9 |  9.7
Shields        | 4 5 6 7 14 15 | 15.0
Axes           | 3 9 13 16 | 16.0
Invocations    | 2 7 |  7.0
Armour         | 9 14 15 | 15.0
Evocations     | 6 |  6.1

Action                   |  1- 3 |  4- 6 |  7- 9 | 10-12 | 13-15 || total
-------------------------+-------+-------+-------+-------+-------++-------
Melee: War axe           |   115 |   118 |   340 |   212 |    13 ||   798
       Headbutt          |    10 |    24 |    79 |   196 |   162 ||   471
       Hand axe          |       |       |       |   514 |   529 ||  1043
Throw: Throwing net      |       |       |       |     1 |       ||     1
Invok: Donate Gold       |       |       |     2 |       |       ||     2
       Recite            |       |       |     1 |    11 |     2 ||    14
       Vitalisation      |       |       |       |     4 |     2 ||     6
Evoke: Wand              |       |       |       |     4 |     1 ||     5
  Use: Scroll            |       |     7 |     3 |    10 |     6 ||    26
       Potion            |       |     1 |     2 |     1 |       ||     4
 Stab: Confused          |       |       |       |    13 |     6 ||    19
       Paralysed         |       |       |       |     7 |       ||     7
       Invisible         |       |       |       |     3 |       ||     3
Armor: Scale mail        |    71 |     5 |       |       |       ||    76
       Plate armour      |       |    80 |   221 |   247 |   202 ||   750
Dodge: Dodged            |    55 |    37 |    70 |   121 |   124 ||   407
Block: Kite shield       |    76 |    96 |   208 |   298 |   220 ||   898

Table legend: (Time is in decaauts)
 A = Elapsed time spent in this place.
 B = Non-inter-level travel time spent in this place.
 C = Inter-level travel time spent in this place.
 D = Time resting spent in this place.
 E = Time spent auto-exploring this place.
 F = Levels seen in this place.
 G = Mean time per level.
                   A        B        C        D        E       F      G
               +--------+--------+--------+--------+--------+-----+--------+
         Total |  22815 |  21131 |   1684 |   4453 |  12633 |  22 | 1037.0 |
       Dungeon |  14547 |  13371 |   1176 |   3812 |   7329 |  12 | 1212.2 |
        Temple |    860 |    837 |     23 |    157 |    608 |   1 |  860.0 |
          Lair |   4958 |   4610 |    348 |    323 |   3485 |   6 |  826.3 |
  Orcish Mines |   1924 |   1788 |    136 |    153 |    849 |   2 |  962.0 |
       Ossuary |    525 |    525 |      0 |      7 |    361 |   1 |  525.0 |
               +--------+--------+--------+--------+--------+-----+--------+

Top non-repeatable levels by time:
     D:7: 2013 daAuts
     D:6: 1959 daAuts
     D:9: 1700 daAuts
     D:4: 1500 daAuts
     D:1: 1454 daAuts
   Orc:2: 1114 daAuts
     D:5: 1092 daAuts
     D:8: 1078 daAuts
     D:2: 1058 daAuts
  Lair:4: 1051 daAuts
  Lair:6: 937 daAuts
     D:3: 916 daAuts
  Lair:5: 874 daAuts
  Temple: 860 daAuts
    D:11: 811 daAuts
